 Dungeon Crawl Stone Soup version 0.31.0-11-ge490571c62 (webtiles) character file.

Game seed: 10686444249547848477

1305 Leszczynek the Grappler (level 8, 18/69 HPs)
             Began as a Ghoul Fire Elementalist on Jan 30, 2024.
             Was a Follower of Okawaru.
             Quit the game on level 6 of the Dungeon.
             The game lasted 00:15:46 (5963 turns).

Leszczynek the Grappler (Ghoul Fire Elementalist)   Turns: 5963, Time: 00:15:47

Health: 18/69      AC:  7    Str: 14    XL:     8   Next: 57%
Magic:  8/10       EV: 12    Int: 14    God:    Okawaru [*.....]
Gold:   314        SH:  0    Dex:  9    Spells: 7/10 levels left

rFire   . .          .
                       - Unarmed
rCold   + . .        (no shield)
rNeg    + + +        o - +0 ring mail
rPois   ∞            (no helmet)
rElec   .            (no cloak)
rCorr   .            d - +0 pair of gloves
SInv    .            (no boots)
Will    .....        (no amulet)
Stlth   +++          (no ring)
HPRegen 0.00/turn    (no ring)
MPRegen 0.12/turn

%: no passive effects
@: heroic, inhibited regen
A: claws 1, cold resistance 1, negative energy resistance 3, inhibited
regeneration, torment resistance 2, devour on kill
a: Renounce Religion, Heroism


You were on level 6 of the Dungeon.
You worshipped Okawaru.
Okawaru was aware of your devotion.
You visited 2 branches of the dungeon, and saw 7 of its levels.

You collected 314 gold pieces.

Inventory:

Hand Weapons
 a - a +2 dagger of venom
 q - the +7 mace "Xenwaw" {pain, rCorr}
   (You found it on level 4 of the Dungeon)

   rCorr:     It protects you from acid and corrosion.
Missiles
 h - 5 javelins
Armour
 d - a +0 pair of gloves (worn)
 e - a +0 robe
 o - a +0 ring mail (worn)
Wands
 g - a wand of digging (4)
 m - a wand of mindburst (5)
Scrolls
 k - a scroll of vulnerability {!r}
 n - a scroll of teleportation {unknown}
 s - 4 scrolls of noise {unknown}
 t - a scroll of blinking
 u - a scroll of acquirement {unknown}
 w - a scroll of fear {unknown}
 x - a scroll of immolation {unknown}
 y - a scroll of amnesia {unknown}
Potions
 b - a potion of magic
 c - 3 potions of curing {@q1}
 f - a potion of heal wounds {@q2}
 i - a potion of degeneration {unknown}
 l - a potion of resistance {unknown}
 p - a potion of haste {unknown}
 r - a potion of enlightenment {unknown}
 v - a potion of lignification {unknown}


   Skills:
 + Level 5.6(10.6) Fighting
 - Level 1.7(6.7) Dodging
 - Level 2.1(7.1) Stealth
 * Level 8.9(13.9) Unarmed Combat
 - Level 1.7 Spellcasting
 - Level 1.4 Conjurations
 - Level 3.0 Fire Magic


You had 7 spell levels left.
You knew the following spells:

 Your Spells              Type           Power      Damage    Failure   Level
a - Foxfire               Conj/Fire      28%        2x1d5     19%         1
b - Scorch                Fire           18%        2d5       21%         2

Your spell library contained the following spells:

 Spells                   Type           Power      Damage    Failure   Level
 Sandblast                Erth           2%         2d4       43%         1
 Cigotuvi's Dreadful Rot  Necr/Alch/Air  2%         N/A       56%         2
 Jinxbite                 Hex            2%         N/A       56%         2
 Inner Flame              Hex/Fire       5%         N/A       58%         3
 Volatile Blastmotes      Fire/Tloc      10%        2d10      58%         3
 Dazzling Flash           Conj/Hex       6%         N/A       71%         3
 Hailstorm                Conj/Ice       3%         3d5       71%         3
 Stone Arrow              Conj/Erth      6%         3d7       71%         3
 Mephitic Cloud           Conj/Alch/Air  2%         N/A       75%         3
 Passwall                 Erth           1%         N/A       80%         3
 Flame Wave               Conj/Fire      7%         2d5       88%         4
 Brom's Barrelling Bould  Conj/Erth      3%         2d3       98%         4
 Anguish                  Hex/Necr       0%         N/A       99%         4
 Alistair's Intoxication  Alch           0%         N/A       100%        5
 Borgnjor's Vile Clutch   Necr/Erth      0%         N/A       100%        5
 Curse of Agony           Necr           1%         N/A       100%        5
 Irradiate                Conj/Alch      1%         3d12      100%        5
 Silence                  Hex/Air        0%         N/A       100%        5
 Eringya's Noxious Bog    Alch           0%         4d6       100%        6
 Ignition                 Fire           4%         3d4       100%        8
 Summon Ice Beast         Ice/Summ       Unusable   N/A       N/A         3
 Animate Dead             Necr           Unusable   N/A       N/A         4
 Summon Mana Viper        Hex/Summ       Unusable   N/A       N/A         5
 Sculpt Simulacrum        Ice/Alch       Unusable   N/A       N/A         6
 Haunt                    Necr/Summ      Unusable   N/A       N/A         7
 Infestation              Necr           Unusable   N/A       N/A         8

Dungeon Overview and Level Annotations

Branches:
Dungeon (6/15)             Temple (1/1) D:4

Altars:
Cheibriados
Dithmenos
Hepliaklqana
Kikubaaqudgha
Nemelex Xobeh
Okawaru
Qazlal
Sif Muna
Trog
Uskayaw
Wu Jian
Xom
Yredelemnul

Annotations:
D:2 Natasha
D:6 Dowan, Duvessa


Innate Abilities, Weirdness & Mutations

You are immune to poison.
You have sharp fingernails.
Your flesh is cold resistant. (rC+)
You are immune to negative energy. (rN+++)
You do not regenerate when monsters are visible.
You are immune to unholy pain and torment.
You thrive by killing the living.


Message History

You kill the gnoll!
Okawaru accepts your kill.
Unknown command.
Things that are here:
a +0 spear; a gnoll corpse Unknown command.
You start resting.
HP restored.
You see here a +0 spear.
Things that are here:
a +0 flail; a +0 whip; a gnoll corpse You see here a +0 spear.
Things that are here:
a +0 spear; a gnoll corpse
Found an escape hatch in the floor.
Unknown command.
s - 4 scrolls labelled MEMNIUFEAC (gained 3) Duvessa, Sister of Dowan comes into view.
She is wielding a +5 short sword of holy wrath and quivering poisoned darts.
Duvessa shouts!
Duvessa throws a poisoned dart.
The poisoned dart misses you.
Duvessa hits you with a +5 short sword of holy wrath.
You convulse.
You gain the combat prowess of a mighty hero.
Duvessa says, "Practise, practise, practise!
One day you'll be as good as me." Duvessa closely misses you.
You closely miss Duvessa.
Dowan shouts!
Dowan gestures at Duvessa while chanting.
Duvessa seems to speed up.
Duvessa hits you with a +5 short sword of holy wrath!
You convulse.
You punch Duvessa! You punch Duvessa, but do no damage.
Duvessa is moderately wounded.
Duvessa hits you with a +5 short sword of holy wrath!
You convulse.
You hit Duvessa.
Duvessa is moderately wounded.
Duvessa hits you with a +5 short sword of holy wrath.
You convulse.
Are you sure you want to abandon this character and quit the game? (Confirm with "yes".)

#....##.## #......
...# ...# #..#
#....b.. .... ..
#..###....... ......
##..#........ .....
####......... ......
###............
......##..............
.......e..##....##....
.......@####....# ....
......e## #....# .##
....... #....# #
....... #....# .......
#..... ....... ......
....... .......


You could see Duvessa (fast) and Dowan.

Vanquished Creatures
  A yak (D:5)
  2 ice beasts
  2 sky beasts
  A centaur (D:4)
  A phantom (D:3)
  2 howler monkeys
  2 jellies
  A bombardier beetle (D:6)
  3 hounds
  3 iguanas (D:5)
  An orc wizard (D:5)
  8 gnolls
  11 adders
  A shadow imp (D:5)
  A white imp (D:5)
  2 dart slugs
  A ribbon worm (D:5)
  6 orcs
  6 endoplasms
  2 giant cockroaches
  8 goblins
  5 hobgoblins
  4 jackals
  6 kobolds
  4 quokkas
  7 ball pythons
  10 bats
  4 frilled lizards
  3 rats
108 creatures vanquished.

Vanquished Creatures (others)
  62 foxfires
62 creatures vanquished.

Grand Total: 170 creatures vanquished

Notes
Turn   | Place    | Note
-------+----------+-------------------------------------------
     0 | D:1      | Leszczynek the Ghoul Fire Elementalist began the quest for
                  | the Orb.
     0 | D:1      | Reached XP level 1. HP: 14/14 MP: 3/3
    49 | D:1      | Reached skill level 1 in Conjurations
    85 | D:1      | Reached XP level 2. HP: 19/20 MP: 1/4
    91 | D:1      | Learned a level 2 spell: Scorch
   459 | D:2      | Reached skill level 3 in Fire Magic
   496 | D:2      | HP: 4/20 [dart slug/slug dart (6)]
   604 | D:2      | Reached XP level 3. HP: 27/27 MP: 2/5
   627 | D:2      | Reached skill level 1 in Fighting
   819 | D:2      | Reached skill level 1 in Unarmed Combat
  1000 | D:2      | Reached XP level 4. HP: 36/36 MP: 6/6
  1009 | D:2      | Reached skill level 2 in Fighting
  1103 | D:2      | Noticed Natasha
  1621 | D:3      | Reached skill level 2 in Unarmed Combat
  1625 | D:3      | Noticed a phantom
  1708 | D:3      | Killed a phantom
  1709 | D:3      | Reached skill level 3 in Fighting
  1709 | D:3      | Reached skill level 3 in Unarmed Combat
  1709 | D:3      | Reached XP level 5. HP: 20/45 MP: 2/7
  2543 | D:4      | Reached XP level 6. HP: 38/52 MP: 8/8
  2621 | D:4      | Reached skill level 4 in Fighting
  2722 | D:4      | Noticed a sky beast
  2796 | D:4      | Killed a sky beast
  2797 | D:4      | Reached skill level 4 in Unarmed Combat
  2820 | D:4      | Identified the +7 mace "Xenwaw" {pain, rCorr}
  2864 | D:4      | Found a staircase to the Ecumenical Temple.
  2865 | D:4      | Noticed an ice beast
  2884 | D:4      | Killed an ice beast
  2885 | D:4      | Reached skill level 5 in Unarmed Combat
  2885 | D:4      | Reached XP level 7. HP: 44/60 MP: 9/9
  2991 | Temple   | Entered the Ecumenical Temple
  3004 | Temple   | Became a worshipper of Warmaster Okawaru
  3193 | D:4      | Reached skill level 5 in Fighting
  3646 | D:5      | Entered Level 5 of the Dungeon
  3668 | D:5      | Found an ancient bone altar of Kikubaaqudgha.
  3853 | D:5      | Reached skill level 6 in Unarmed Combat
  4685 | D:5      | Noticed a yak
  4696 | D:5      | Killed a yak
  4697 | D:5      | Reached skill level 7 in Unarmed Combat
  4697 | D:5      | Reached XP level 8. HP: 51/68 MP: 10/10
  4847 | D:5      | Noticed a wraith
  5152 | D:6      | Reached * piety under Okawaru
  5153 | D:6      | Reached skill level 8 in Unarmed Combat
  5217 | D:6      | Found a sparkling altar of Nemelex Xobeh.
  5218 | D:6      | Found a hide-covered altar of Uskayaw.
  5219 | D:6      | Found a hazy altar of Hepliaklqana.
  5385 | D:6      | Got the Quarto of the Snake and Malediction
  5489 | D:6      | Found a shimmering altar of Xom.
  5521 | D:6      | HP: 12/68 [something (6)]
  5528 | D:6      | infinitely invisible sky beast, fun
  5665 | D:6      | Noticed Dowan
  5695 | D:6      | HP: 13/69 [adder (3)]
  5715 | D:6      | HP: 13/69 [gnoll/+0 spear[a gnoll sergeant] (3)]
  5954 | D:6      | Noticed Duvessa
  5963 | D:6      | Quit the game

Illustrated notes

........##
..##....##
##....#
##...#
#...##
#....#
##....##
#...%..#
..###...@.##
..........#
?##........#
#...♣....#
#..._.....#
#..♣......#
#.. .......
#..
b......## #.
.......#


Turn 5528 on D:6: infinitely invisible sky beast, fun

Levels and vault maps discovered:
D:1:      lemuel_arrival_cross, layout_rooms
D:2:      layout_basic, uniq_natasha
D:3:      minmay_chambers_of_threes, layout_basic,
          minmay_fractal_squares_diagonal_5
D:4:      layout_gridville, minmay_temple_entry_butterflies,
          corexii_hall_statues_l
D:5:      cheibrodos_barr_body, layout_layer_cave, mainiacjoe_overflow_chevrons
D:6:      layout_layer_cave, xom_butterflies, minitemple, old_standard_altar,
          grunt_ministairs_4, uniq_edmund, uniq_duvessa
Temple:   hellmonk_temple_beads

Skill      XL: |  1  2  3  4  5  6  7  8 |
---------------+-------------------------+-----
Conjurations   | 1 |  1.4
Fire Magic     | 3 |  3.0
Fighting       | 1 3 4 5 |  5.6
Unarmed Combat | 1 3 5 7 8 |  8.9
Dodging        | |  1.7
Stealth        | |  2.1
Spellcasting   | |  1.7

Action                     |  1- 3 |  4- 6 |  7- 9 || total
---------------------------+-------+-------+-------++-------
  Melee: Dagger            |    59 |    91 |       ||   150
         Punch             |     1 |     5 |     9 ||    15
         Mace              |       |    16 |    95 ||   111
         Unarmed           |       |       |    96 ||    96
  Throw: Throwing net      |       |       |     1 ||     1
   Cast: Foxfire           |    25 |     9 |     2 ||    36
         Scorch            |     1 |     3 |     1 ||     5
 Invoke: Heroism           |       |       |     1 ||     1
  Evoke: Wand              |       |       |     7 ||     7
    Use: Scroll            |       |     7 |     1 ||     8
         Potion            |       |     1 |     3 ||     4
   Stab: Sleeping          |     1 |     2 |       ||     3
 Armour: Robe              |    35 |    40 |       ||    75
         Ring mail         |       |    29 |   202 ||   231
  Dodge: Dodged            |    50 |    75 |   123 ||   248
